AoeStats
← die trying

Arabia

506707328Analyzed
1v1 RM · 16d ago on Sep 14, 2026· 21m 18s· 2 players
Game mode
Random Map
Map size
Tiny (2 player)
Population
200
Speed
Normal
Resources
Standard
Victory
Conquest
Starting age
Dark Age
Ending age
Imperial Age
RankedLock teamsTeams togetherTeam positionsShared explorationLock speedFull tech treeHidden civsTurbo modeCheats
Victory
Defeat
🇨🇱 Persians · Chile
2066
+8
🇨🇱 Celts · Chile
1889
-8
EXILE | Jürgen
5:33 Loom
8:56 Feudal Age
9:38 Double-Bit Axe
9:50 Double-Bit Axe
10:48 Horse Collar
19:40 Castle Age
18:08 Fletching
18:42 Gold Mining
20:08 Bodkin Arrow
die trying
4:59 Loom
9:41 Feudal Age
14:17 Castle Age
Connection lost

Rejoining the realm…

Still unreachable

The connection could not be restored.

Session expired

The server has moved on; the page needs a fresh start.